 Dungeon Crawl Stone Soup version 0.29.1-1-gd02db6906a (webtiles) character file.

Game seed: 153981193030256731

6 jempyr the Digger (level 1, -2/10 HPs)
             Began as a Gargoyle Earth Elementalist on Sept 23, 2022.
             Slain by a kobold
             ... wielding a +0 whip
              (5 damage)
             ... on level 1 of the Dungeon.
             The game lasted 00:02:28 (77 turns).

jempyr the Digger (Gargoyle Earth Elementalist)       Turns: 77, Time: 00:02:29

Health: -2/10      AC:  4    Str: 11    XL:     1   Next: 90%
Magic:  3/3        EV: 11    Int: 15    God:
Gold:   0          SH:  0    Dex: 10    Spells: 3/4 levels left

rFire   . . .      SeeInvis .   (no weapon)
rCold   . . .      Faith    .   (no shield)
rNeg    + . .      Spirit   .   a - +0 robe
rPois   ∞          Reflect  .   (no helmet)
rElec   +          Harm     .   (no cloak)
rCorr   .          Rampage  .   (no gloves)
Will    .....                   (no boots)
Stlth   ++........              (no amulet)
HPRegen 0.03/turn               (no ring)
MPRegen 0.08/turn               (no ring)

@: no status effects
A: sickness immunity, AC +2, negative energy resistance 1, electricity
resistance, torment resistance 1, petrification resistance
a: no special abilities


You were on level 1 of the Dungeon.
You visited 1 branch of the dungeon, and saw 1 of its levels.

Inventory:

Armour
 a - a +0 robe (worn)
Magical Staves
 d - a staff of cold
 e - a staff of air
Potions
 c - a potion of heal wounds {unknown}


   Skills:
 * Level 0.3 Fighting
 - Level 1.5 Dodging
 * Level 2.2 Stealth
 + Level 2.0 Spellcasting
 - Level 0.7 Transmutations
 * Level 4.0 Earth Magic


You had 3 spell levels left.
You knew the following spells:

 Your Spells              Type           Power      Damage    Failure   Level
a - Sandblast             Erth           26%        2d8       4%          1

Your spell library contained the following spells:

 Spells                   Type           Power      Damage    Failure   Level
 Passwall                 Tmut/Erth      6%         N/A       13%         2
 Stone Arrow              Conj/Erth      14%        3d7       28%         3
 Petrify                  Tmut/Erth      8%         N/A       63%         4


Dungeon Overview and Level Annotations

Branches:
Dungeon (1/15)

Altars:


Innate Abilities, Weirdness & Mutations

You are immune to sickness and miasma.
Your stone body is resilient. (AC +2)
You are immune to poison.
You resist negative energy. (rN+)
You are resistant to electric shocks. (rElec)
You are resistant to unholy torment.
You are immune to petrification.


Message History

The blast of sand hits the ball python!
You kill the ball python!
Your Earth Magic skill increases to level 4!
There is a staircase leading out of the dungeon here.
There is a staircase leading out of the dungeon here.
Casting: Sandblast (safe; 4% risk of failure)
Confirm with . or Enter, or press ? or * to list all spells.
Aiming: Sandblast (safe; 4% risk of failure)
Press: ? - help, Shift-Dir - straight line, f - kobold
Aim: a kobold, wielding a +0 whip (77% to hit)
The blast of sand misses the kobold.
The kobold hits you but does no damage. The kobold attacks as you move away!
The kobold closely misses you.
There is a staircase leading out of the dungeon here.
Casting: Sandblast (safe; 4% risk of failure)
Confirm with . or Enter, or press ? or * to list all spells.
Aiming: Sandblast (safe; 4% risk of failure)
Press: ? - help, Shift-Dir - straight line, f/p - kobold
Aim: a kobold, wielding a +0 whip (77% to hit)
The blast of sand misses the kobold.
The kobold hits you with a +0 whip. The kobold attacks as you move away!
The kobold hits you with a +0 whip. The kobold attacks as you move away!
The kobold barely misses you. The kobold attacks as you move away!
The kobold completely misses you. The kobold attacks as you move away!
The kobold hits you with a +0 whip.
There is a staircase leading out of the dungeon here.
Really attack while wielding nothing? [Y]es or [N]o only, please.
Really attack while wielding nothing?
Okay, then.
The kobold attacks as you move away! The kobold hits you but does no damage.
Casting: Sandblast (safe; 4% risk of failure)
Confirm with . or Enter, or press ? or * to list all spells.
Aiming: Sandblast (safe; 4% risk of failure)
Press: ? - help, Shift-Dir - straight line, f/p - kobold
Aim: a kobold, wielding a +0 whip (77% to hit)
The blast of sand hits the kobold but does no damage.
The kobold hits you with a +0 whip. x2
* * * LOW HITPOINT WARNING * * *
Magic courses through your body. The kobold hits you with a +0 whip.
Ouch! That really hurt!
You die...

#...............
#(#.)..........
####.............
##............###
#.............###...
#...)♣♣.♣♣...........
#....♣♣♣♣.♣♣♣♣.##.##!.[
#.>.♣♣♣♣∩.∩♣♣♣♣.⌠... .
#...♣♣∩.@K..∩♣♣.....#
#.. ♣∩..♣♣♣..∩♣♣......
#.. ♣∩...<...∩♣ ...##..
#.. ♣∩..♣♣♣..∩♣ .#.# .#
♣♣∩.. ..∩♣♣ ♣.♣∩∩∩.♣♣
.. ♣♣♣♣. #.. . ... ..


You could see a kobold.

Vanquished Creatures
  2 ball pythons (D:1)
  A giant cockroach (D:1)
  A goblin (D:1)
  A kobold (D:1)
5 creatures vanquished.

Notes
Turn   | Place    | Note
-------+----------+-------------------------------------------
     0 | D:1      | jempyr the Gargoyle Earth Elementalist began the quest for
                  | the Orb.
     0 | D:1      | Reached XP level 1. HP: 10/10 MP: 3/3
    41 | D:1      | Reached skill level 4 in Earth Magic
    77 | D:1      | Slain by a kobold

Illustrated notes

Levels and vault maps discovered:
D:1:      heliophobic_arrival_henge, layout_rooms, serial_shops,
          nicolae_square_shop, minmay_misc_feat_pillars

Skill      XL: |  1 |
---------------+----+-----
Earth Magic    | 4 |  4.0
Fighting       | |  0.3
Dodging        | |  1.5
Stealth        | |  2.2
Spellcasting   | |  2.0
Transmutations | |  0.7

Action                   || total
-------------------------++-------
 Cast: Sandblast         ||     8
  Use: Potion            ||     1
Armor: Robe              ||     2
Dodge: Dodged            ||     4
